[Event "Titled Tuesday Blitz June 27 Late 2023"]
[White "Pakleza, Zbigniew"]
[Black "Ambartsumova, Karina"]
[WhiteFideId "1119290"]
[BlackFideId "4166299"]
[WhiteElo "2717"]
[BlackElo "2565"]
[Result "1-0"]
[Round "5"]
[TimeControl "180+2"]
[Date "2023.06.27"]
[WhiteClock "0:00:09"]
[BlackClock "0:00:00"]
[Board "57"]

1. d4 Nf6 2. Nf3 g6 3. Bf4 Bg7 4. e3 O-O 5. Be2 d5 6. O-O c5 7. c3 Qb6 8. Qb3 c4 9. Qc2 Nc6 10. b3 Bf5 11. Qb2 Rac8 12. Nbd2 cxb3 13. axb3 a6 14. b4 Ne4 15. Rfc1 Nxd2 16. Qxd2 Bg4 17. h3 Bxf3 18. Bxf3 e6 19. Bg3 Na7 20. e4 dxe4 21. Bxe4 Rfd8 22. Qe3 Nb5 23. Rab1 Na3 24. Rb3 Nc4 25. Qe2 Rd7 26. Bd3 Nd6 27. Bf4 Nb5 28. Bd2 Rdc7 29. Qe1 Qd6 30. g3 Qb6 31. h4 h5 32. Kh2 Nd6 33. Be3 Qc6 34. c4 Nf5 35. d5 exd5 36. Bxf5 gxf5 37. Bf4 dxc4 38. Bxc7 Qxc7 39. Rf3 Qd7 40. Qe2 c3 41. Qc2 Qd5 42. Rxf5 1-0


[Site "https://www.chess.com"]

[Event "Titled Tuesday Blitz June 27 Late 2023"]
[White "Hambleton, Aman"]
[Black "Hajiyev, Kanan"]
[WhiteFideId "2606577"]
[BlackFideId "13404148"]
[WhiteElo "2709"]
[BlackElo "2539"]
[Result "1/2-1/2"]
[Round "5"]
[TimeControl "180+2"]
[Date "2023.06.27"]
[WhiteClock "0:00:05"]
[BlackClock "0:00:54"]
[Board "58"]

1. e4 c6 2. d4 d5 3. exd5 cxd5 4. Bd3 Qc7 5. c3 Nc6 6. h3 Nf6 7. Nf3 g6 8. O-O Bg7 9. Qe2 O-O 10. Re1 Re8 11. Nbd2 Bf5 12. Bxf5 gxf5 13. Ne5 Nxe5 14. Qxe5 Qxe5 15. Rxe5 e6 16. Re1 a6 17. Nb3 Bf8 18. f3 Kg7 19. g4 fxg4 20. hxg4 h5 21. g5 Nd7 22. Bf4 b5 23. Kf2 b4 24. cxb4 Bxb4 25. Rh1 Rh8 26. Nc1 Rac8 27. Nd3 Rc2+ 28. Kg3 Be7 29. Rac1 Rc4 30. Ne5 Nxe5 31. Bxe5+ f6 32. gxf6+ Bxf6 33. Bxf6+ Kxf6 34. Rxc4 dxc4 35. Rc1 Rc8 36. Kf4 a5 37. Rc3 Rb8 38. Rxc4 Rxb2 39. Ra4 Rb5 40. Rc4 Rd5 41. a4 Rd7 42. Kg3 Rb7 43. Rc5 Rb4 44. Rxh5 Rxa4 45. d5 e5 46. Rh6+ Kf5 47. Rh5+ Kf6 48. Rh6+ Kf5 49. d6 Rd4 50. Rh5+ Ke6 51. Rh6+ Kd5 52. Kf2 Kc4 53. Ke3 a4 54. Re6 Rd5 55. d7 a3 56. d8=Q Rxd8 57. Rxe5 Rd5 58. Re4+ Kb3 59. Re7 Ra5 60. Rb7+ Kc2 61. Rc7+ Kd1 62. Rd7+ Ke1 63. Rh7 Kd1 64. Rh1+ Kc2 65. f4 a2 66. Ke4 Rb5 67. Rh2+ Kb3 68. Rxa2 Kxa2 69. f5 Kb3 70. f6 Kc4 71. f7 Rb8 72. Ke5 Rf8 73. Ke6 Kc5 74. Ke7 Rxf7+ 75. Kxf7 1/2-1/2


[Site "https://www.chess.com"]

[Event "Titled Tuesday Blitz June 27 Late 2023"]
[White "Cugimura97"]
[Black "Tologon tegin, Semetei"]
[BlackFideId "13800574"]
[WhiteElo "2700"]
[BlackElo "2537"]
[Result "0-1"]
[Round "5"]
[TimeControl "180+2"]
[Date "2023.06.27"]
[WhiteClock "0:00:27"]
[BlackClock "0:00:31"]
[Board "59"]

1. d4 e6 2. c4 b6 3. Nf3 Bb7 4. g3 f5 5. Bg2 Nf6 6. O-O Be7 7. Nc3 O-O 8. b3 Ne4 9. Bb2 Nxc3 10. Bxc3 Be4 11. Ne5 d6 12. Nd3 Bxg2 13. Kxg2 Bg5 14. e3 Nd7 15. Nf4 Qe7 16. Qf3 a5 17. Rad1 Rae8 18. h4 Bh6 19. Rfe1 Nf6 20. d5 Bxf4 21. Bxf6 Qxf6 22. exf4 e5 23. fxe5 dxe5 24. Re2 f4 25. Rde1 Re7 26. Re4 g6 27. gxf4 Qxh4 28. Qg3 Qh6 29. fxe5 Rf5 30. f4 g5 31. fxg5 Rxg5 32. Rg4 Rxg4 33. Qxg4+ Rg7 34. Re4 Qd2+ 35. Kf3 Qd1+ 0-1


[Site "https://www.chess.com"]

[Event "Titled Tuesday Blitz June 27 Late 2023"]
[White "Velikanov, Alexander"]
[Black "Rangel, Daniel"]
[WhiteFideId "2039290"]
[BlackFideId "2124475"]
[WhiteElo "2690"]
[BlackElo "2441"]
[Result "0-1"]
[Round "5"]
[TimeControl "180+2"]
[Date "2023.06.27"]
[WhiteClock "0:00:06"]
[BlackClock "0:00:08"]
[Board "60"]

1. d4 Nf6 2. Nf3 e6 3. Bg5 Be7 4. Nbd2 b6 5. e4 Bb7 6. e5 Ne4 7. Bxe7 Qxe7 8. Nxe4 Bxe4 9. Bd3 Bg6 10. O-O d5 11. a4 O-O 12. a5 Nc6 13. a6 Bxd3 14. Qxd3 Nb4 15. Qb5 Nxc2 16. Ra4 c5 17. Rc1 Nxd4 18. Nxd4 cxd4 19. Qc6 d3 20. Rd4 Qg5 21. f4 Qf5 22. Qc3 g6 23. Kf2 Kg7 24. Kf3 h5 25. Qxd3 Qg4+ 26. Kf2 Rac8 27. Qd2 Rxc1 28. Qxc1 f6 29. Qc7+ Kg8 30. exf6 Rxf6 31. g3 Rf7 32. Qb8+ Kh7 33. Rd2 g5 34. Qe8 Kg7 35. Rc2 gxf4 36. Rc8 fxg3+ 37. Ke1 Qe4+ 38. Kd2 Rf2+ 39. Kc3 Rf3+ 40. Kd2 Qd3+ 41. Kc1 Rf1# 0-1


[Site "https://www.chess.com"]

[Event "Titled Tuesday Blitz June 27 Late 2023"]
[White "Lamard, Guillaume"]
[Black "Taranenko, Evgueniy"]
[WhiteFideId "600261"]
[BlackFideId "14122138"]
[WhiteElo "2647"]
[BlackElo "2310"]
[Result "1-0"]
[Round "5"]
[TimeControl "180+2"]
[Date "2023.06.27"]
[WhiteClock "0:00:08"]
[BlackClock "0:00:09"]
[Board "61"]

1. d4 f5 2. Nf3 Nf6 3. Bf4 d6 4. e3 g6 5. h3 Bg7 6. Be2 O-O 7. O-O c6 8. c4 h6 9. Bh2 Nbd7 10. Nc3 Qe8 11. b4 e5 12. Rc1 g5 13. dxe5 dxe5 14. c5 f4 15. Nd2 Qg6 16. Nc4 a5 17. bxa5 Nxc5 18. Nxe5 Qf5 19. Bc4+ Kh7 20. exf4 gxf4 21. Re1 Rxa5 22. Qf3 Be6 23. Nxc6 bxc6 24. Rxe6 Ra3 25. Rxc6 Nce4 26. Bd3 Re8 27. Rxf6 Qxf6 28. Nxe4 Qd4 29. Nf6+ Kh8 30. Nxe8 Rxd3 31. Qe2 Be5 32. Re1 Bb8 33. Kh1 Rd2 34. Qe6 Kh7 35. Nf6+ Kg6 36. Ne4+ Kg7 37. Nxd2 Qxd2 38. Qe7+ Kg8 39. Qe8+ Kg7 40. Re7+ Kf6 41. Qf7+ Kg5 42. Qg7+ Kf5 43. Qg4+ Kf6 44. Re6+ Kf7 45. Qg6+ Kf8 46. Re8# 1-0


[Site "https://www.chess.com"]

[Event "Titled Tuesday Blitz June 27 Late 2023"]
[White "Maksimovic, Bojan"]
[Black "Estrada Nieto, Julian"]
[WhiteFideId "14408120"]
[BlackFideId "5101018"]
[WhiteElo "2767"]
[BlackElo "2528"]
[Result "1/2-1/2"]
[Round "5"]
[TimeControl "180+2"]
[Date "2023.06.27"]
[WhiteClock "0:00:09"]
[BlackClock "0:00:10"]
[Board "62"]

1. Nf3 d5 2. g3 Nf6 3. Bg2 c6 4. O-O Bg4 5. c4 Nbd7 6. cxd5 Bxf3 7. Bxf3 cxd5 8. d4 e6 9. Nc3 Be7 10. e3 O-O 11. Qb3 Qb6 12. Qxb6 Nxb6 13. Be2 Rac8 14. Rd1 a6 15. Bd2 Nc4 16. Be1 b5 17. Rab1 Bb4 18. a3 Nxa3 19. Ra1 Nc2 20. Rxa6 Nxe1 21. Rxe1 Bxc3 22. bxc3 Ne4 23. Bxb5 Nxc3 24. Bd3 Ra8 25. Rea1 Rxa6 26. Rxa6 Rc8 27. Kg2 g6 28. g4 h6 29. h4 Kg7 30. Ra7 Nd1 31. h5 gxh5 32. gxh5 Kf6 33. Bb5 Nc3 34. Bd3 Nd1 35. Ra1 Nc3 36. Kf3 Rc7 37. Kf4 Rb7 38. f3 Rb2 39. e4 Ne2+ 40. Ke3 Ng3 41. e5+ Ke7 42. Ra7+ Kf8 43. Ra8+ Kg7 44. Kf4 Nxh5+ 45. Kg4 Rh2 46. f4 f5+ 47. exf6+ Nxf6+ 48. Kg3 Rd2 49. Ra7+ Kf8 50. Bg6 Ne4+ 51. Kg4 Rg2+ 52. Kh5 Rh2+ 53. Kg4 Rg2+ 54. Kh5 Rh2+ 55. Kg4 Rg2+ 1/2-1/2


[Site "https://www.chess.com"]

[Event "Titled Tuesday Blitz June 27 Late 2023"]
[White "Bryakin, Mikhail"]
[Black "Liu, Casper"]
[WhiteFideId "4165314"]
[BlackFideId "1454153"]
[WhiteElo "2737"]
[BlackElo "2526"]
[Result "0-1"]
[Round "5"]
[TimeControl "180+2"]
[Date "2023.06.27"]
[WhiteClock "0:01:42"]
[BlackClock "0:00:14"]
[Board "63"]

1. e4 c5 2. d4 cxd4 3. Qxd4 Nc6 4. Qd3 g6 5. Nc3 Bg7 6. Nf3 d6 7. Be2 Bg4 8. O-O Nf6 9. Bf4 O-O 10. h3 Bxf3 11. Qxf3 Nd7 12. Rab1 Nd4 13. Qe3 Nxc2 14. Qd2 Nd4 15. Bd3 Ne5 16. Be3 Nxd3 17. Qxd3 Nc6 18. f4 Rc8 19. Ne2 Qa5 20. a3 Qa4 21. h4 h5 22. Rf2 Na5 23. b4 Nc4 24. Bc1 e6 25. g4 hxg4 26. Rh2 Nb6 27. h5 Qc2 28. Qxc2 Rxc2 29. hxg6 fxg6 30. Ng3 Bd4+ 31. Kh1 Rfc8 32. Ne2 Bf6 33. Be3 Nc4 34. Bxa7 Nd2 35. Rd1 Nxe4 36. Rg2 Rxe2 37. Rxe2 Ng3+ 38. Kg2 Nxe2 39. Rxd6 Nxf4+ 40. Kg3 Be5 41. Rxe6 Nxe6+ 0-1


[Site "https://www.chess.com"]

[Event "Titled Tuesday Blitz June 27 Late 2023"]
[White "Daggupati, Balaji"]
[Black "Martinez Reyes, Pedro Ramon"]
[WhiteFideId "2090759"]
[BlackFideId "3901807"]
[WhiteElo "2722"]
[BlackElo "2519"]
[Result "0-1"]
[Round "5"]
[TimeControl "180+2"]
[Date "2023.06.27"]
[WhiteClock "0:00:09"]
[BlackClock "0:00:22"]
[Board "64"]

1. e4 Nf6 2. e5 Nd5 3. d4 d6 4. c4 Nb6 5. exd6 exd6 6. Nc3 Be7 7. Nf3 O-O 8. Be2 Bg4 9. O-O Nc6 10. b3 Re8 11. Be3 Bf6 12. h3 Bh5 13. Rc1 d5 14. c5 Nc8 15. b4 Bxf3 16. Bxf3 N8e7 17. Qb3 Bxd4 18. Nxd5 Bxe3 19. fxe3 Ne5 20. Nxe7+ Qxe7 21. Bxb7 Rab8 22. Be4 a5 23. a3 axb4 24. axb4 Qh4 25. Rf4 Qe7 26. Rcf1 Rf8 27. Qc3 f6 28. Rh4 g6 29. Rhf4 Kg7 30. Bc2 Rbd8 31. Rd4 Nc6 32. Re4 Ne5 33. b5 Rd5 34. Bb3 Qxc5 35. Qa1 Rd3 36. Rc1 Qb6 37. Qb1 Rxe3 38. Rxe3 Qxe3+ 39. Kh1 Qb6 40. Ba4 Rd8 41. Qc2 Rd7 42. Rf1 Re7 43. Qc3 Qd6 44. Bc2 h5 45. Be4 Rd7 46. Rc1 Qd4 47. Qxd4 Rxd4 48. Rxc7+ Kh6 49. Bc6 Rb4 50. Be8 Kg5 51. Rc1 Kf4 52. Rf1+ Kg3 53. Ra1 f5 54. Ra3+ Kh4 55. Kh2 f4 56. Ra1 g5 57. Re1 Nd3 58. Re4 Rxe4 59. Bg6 Rb4 60. Bxd3 g4 61. hxg4 hxg4 62. Bf1 Rb1 63. g3+ fxg3+ 64. Kg2 Rc1 65. Kg1 Rb1 66. Kg2 Rb2+ 67. Kg1 g2 68. Bd3 Kg3 69. b6 Rxb6 70. Bb5 Rd6 71. Bd3 Rb6 72. Bb5 Kf4 73. Be2 Rb2 74. Bd3 Kg3 75. Bc2 Ra2 76. Bb1 Rb2 77. Bc2 Kf4 78. Bd3 Rd2 79. Be2 Rxe2 80. Kh2 g1=Q+ 81. Kxg1 Kf3 82. Kf1 g3 83. Kg1 Re1# 0-1


[Site "https://www.chess.com"]

[Event "Titled Tuesday Blitz June 27 Late 2023"]
[White "Troff, Kayden"]
[Black "Bilan, Danila"]
[WhiteFideId "2047896"]
[BlackFideId "24161918"]
[WhiteElo "2719"]
[BlackElo "2515"]
[Result "1-0"]
[Round "5"]
[TimeControl "180+2"]
[Date "2023.06.27"]
[WhiteClock "0:00:13"]
[BlackClock "0:00:00"]
[Board "65"]

1. d4 d5 2. Nf3 Nf6 3. Bf4 c5 4. e3 Qb6 5. dxc5 Qxc5 6. Nbd2 Bg4 7. Be2 Nc6 8. O-O e6 9. c4 Be7 10. cxd5 Nxd5 11. Rc1 Qb4 12. Bg3 Qxb2 13. Rb1 Qxa2 14. Bc4 Qa5 15. Rxb7 O-O 16. Nb3 Qd8 17. e4 Nb6 18. Bb5 Nb4 19. Qb1 Bxf3 20. gxf3 Bd6 21. Rd1 Qc8 22. Na5 Bxg3 23. hxg3 Qc5 24. Bf1 Qxa5 25. Qb2 Rab8 26. Ra1 Qxa1 27. Qxa1 Rxb7 28. Qc3 Na8 29. e5 Rfb8 30. f4 Rb6 31. Bg2 g6 32. g4 Nd5 33. Bxd5 exd5 34. f5 gxf5 35. gxf5 Kf8 36. Qc5+ Ke8 37. Qxd5 Nc7 38. Qg2 Ke7 39. Qg5+ Kd7 40. Qg7 Ke7 41. e6 Nxe6 42. fxe6 Rxe6 43. Qg5+ f6 44. Qc5+ Kd7 45. Qxa7+ Kc8 46. Qxh7 Rc6 47. Qf5+ Kc7 48. Kg2 Rbb6 49. Qh7+ Kd6 50. Qf7 Kc5 51. Qe7+ Rd6 52. Qc7+ Rbc6 53. Qa5+ Kd4 54. Kf3 Rc5 55. Qd2+ Ke5 56. Qe3+ 1-0


[Site "https://www.chess.com"]

[Event "Titled Tuesday Blitz June 27 Late 2023"]
[White "Lorparizangeneh, Shahin"]
[Black "Tissir, Mohamed"]
[WhiteFideId "12521604"]
[BlackFideId "9000240"]
[WhiteElo "2709"]
[BlackElo "2514"]
[Result "0-1"]
[Round "5"]
[TimeControl "180+2"]
[Date "2023.06.27"]
[WhiteClock "0:00:19"]
[BlackClock "0:00:43"]
[Board "66"]

1. e4 c5 2. Nf3 d6 3. d4 cxd4 4. Qxd4 Nd7 5. Be2 e6 6. O-O Ngf6 7. c4 Be7 8. Rd1 Qc7 9. b3 O-O 10. Nc3 a6 11. h3 b6 12. Bb2 Bb7 13. Rac1 Rad8 14. Qe3 Rfe8 15. Na4 Bf8 16. Nd2 Bc6 17. Nc3 Qb7 18. g4 h6 19. h4 d5 20. e5 Bc5 21. Qf4 Ne4 22. Ncxe4 dxe4 23. Nf1 Nf8 24. Ne3 Qe7 25. g5 hxg5 26. hxg5 Nh7 27. g6 fxg6 28. Qg3 Ng5 29. Ng4 Qf7 30. Nh2 Bxf2+ 0-1


[Site "https://www.chess.com"]

[Event "Titled Tuesday Blitz June 27 Late 2023"]
[White "Graif, William"]
[Black "Fernandez, Daniel"]
[WhiteFideId "2609835"]
[BlackFideId "2015390"]
[WhiteElo "2513"]
[BlackElo "2700"]
[Result "0-1"]
[Round "5"]
[TimeControl "180+2"]
[Date "2023.06.27"]
[WhiteClock "0:00:00"]
[BlackClock "0:01:45"]
[Board "67"]

1. e4 c5 2. Nc3 Nc6 3. Bb5 Nd4 4. Nf3 e6 5. O-O Ne7 6. Nxd4 cxd4 7. Ne2 a6 8. Bd3 Nc6 9. c3 dxc3 10. dxc3 d5 11. exd5 Qxd5 12. c4 Qd8 13. Be4 Qxd1 14. Rxd1 Bd7 15. b3 Be7 16. Bb2 Bf6 17. Bxf6 gxf6 18. g3 Ke7 19. c5 f5 20. Bg2 a5 21. Nc3 h5 22. Nb5 a4 23. Nd6 axb3 24. axb3 Rxa1 25. Rxa1 b6 26. Bxc6 Bxc6 27. Ra7+ Kf6 28. Rxf7+ Kg6 29. Rc7 Bf3 30. cxb6 Rd8 31. b7 Rxd6 0-1


[Site "https://www.chess.com"]

[Event "Titled Tuesday Blitz June 27 Late 2023"]
[White "Darini, Pouria"]
[Black "Koc, Przemyslaw"]
[WhiteFideId "12502200"]
[BlackFideId "1109081"]
[WhiteElo "2699"]
[BlackElo "2511"]
[Result "1-0"]
[Round "5"]
[TimeControl "180+2"]
[Date "2023.06.27"]
[WhiteClock "0:00:58"]
[BlackClock "0:01:08"]
[Board "68"]

1. d4 d6 2. Bf4 f5 3. Nc3 Nf6 4. Bg5 g6 5. Bxf6 exf6 6. e3 Bg7 7. Bc4 c6 8. d5 c5 9. Bb5+ Nd7 10. h4 h5 11. Nh3 O-O 12. Nf4 Ne5 13. a4 a6 14. Be2 Bh6 15. g3 Kh7 16. Nb1 Bd7 17. Nd2 b5 18. O-O bxa4 19. Nc4 Qc7 20. Ne6 Bxe6 21. dxe6 Nxc4 22. Bxc4 Rab8 23. Rxa4 Rxb2 24. Bb3 Rb8 25. Qa1 R2xb3 26. cxb3 Rxb3 27. Rxa6 Rb7 28. Rd1 Bf8 29. Rb1 Rxb1+ 30. Qxb1 c4 31. Qa1 Be7 32. Ra7 Qd8 33. Qxf6 1-0


[Site "https://www.chess.com"]

[Event "Titled Tuesday Blitz June 27 Late 2023"]
[White "Jovic, Stanoje"]
[Black "Bolourchifard, Farzad"]
[WhiteFideId "905020"]
[BlackFideId "12510084"]
[WhiteElo "2511"]
[BlackElo "2688"]
[Result "0-1"]
[Round "5"]
[TimeControl "180+2"]
[Date "2023.06.27"]
[WhiteClock "0:00:00"]
[BlackClock "0:00:28"]
[Board "69"]

1. c4 e5 2. g3 Nc6 3. Bg2 g6 4. Nc3 Bg7 5. Nf3 d6 6. O-O Nge7 7. d3 Be6 8. Rb1 h6 9. b4 Qd7 10. b5 Nd8 11. e4 Bh3 12. Nd5 Bxg2 13. Kxg2 Ne6 14. a4 f5 15. a5 O-O 16. Nh4 Kh7 17. f4 fxe4 18. dxe4 exf4 19. gxf4 Nc5 20. Qf3 Rae8 21. f5 Nxd5 22. cxd5 Rxe4 23. Nxg6 Rfe8 24. Bb2 Re2+ 25. Kh1 Rxb2 26. Rbe1 Rxe1 27. Rxe1 Qf7 28. h4 Rd2 29. Re6 Nxe6 30. dxe6 Qf6 31. Qf1 Qd4 32. e7 Qd5+ 0-1


[Site "https://www.chess.com"]

[Event "Titled Tuesday Blitz June 27 Late 2023"]
[White "Womacka, Mathias"]
[Black "Boyer, Mahel"]
[WhiteFideId "4611390"]
[BlackFideId "45102422"]
[WhiteElo "2505"]
[BlackElo "2685"]
[Result "0-1"]
[Round "5"]
[TimeControl "180+2"]
[Date "2023.06.27"]
[WhiteClock "0:01:39"]
[BlackClock "0:02:51"]
[Board "70"]

1. e4 Nc6 2. Nf3 d5 3. exd5 Qxd5 4. Nc3 Qh5 5. Be2 Bg4 6. h3 O-O-O 7. O-O Bxh3 8. gxh3 Qxh3 9. Nh2 e6 10. Bf3 Bd6 11. Ng4 h5 12. Bg2 Qxg4 13. Qxg4 hxg4 14. Re1 Nd4 0-1


[Site "https://www.chess.com"]

[Event "Titled Tuesday Blitz June 27 Late 2023"]
[White "Prestia, Paris"]
[Black "ArchibaldCerveza29"]
[WhiteFideId "30925959"]
[WhiteElo "2670"]
[BlackElo "2504"]
[Result "0-1"]
[Round "5"]
[TimeControl "180+2"]
[Date "2023.06.27"]
[WhiteClock "0:00:04"]
[BlackClock "0:00:53"]
[Board "71"]

1. d4 d5 2. c4 e6 3. Nc3 f5 4. Nf3 Nf6 5. Bg5 c6 6. e3 Be7 7. Ne5 O-O 8. Bd3 Nbd7 9. f4 Ne4 10. Bxe7 Qxe7 11. Bxe4 fxe4 12. O-O Nxe5 13. fxe5 Bd7 14. c5 Be8 15. b4 a6 16. Rxf8+ Kxf8 17. Qe2 Qg5 18. Rf1+ Kg8 19. Qf2 Bh5 20. a4 h6 21. h3 Bf3 22. Kh2 Bh5 23. Qf4 Qxf4+ 24. exf4 Rf8 25. g4 Be8 26. Kg3 Bd7 27. Nd1 g5 28. Ne3 gxf4+ 29. Rxf4 Rxf4 30. Kxf4 Kg7 31. g5 h5 32. Kg3 Kg6 33. Kh4 Be8 34. Nf1 Kf5 35. Ng3+ Kf4 36. Nxh5+ Kf3 37. Ng3 e3 38. a5 Bg6 39. Nf1 e2 40. Nh2+ Kg2 41. Ng4 e1=Q+ 42. Nf2 Qxf2+ 43. Kg4 Qg3# 0-1


[Site "https://www.chess.com"]

[Event "Titled Tuesday Blitz June 27 Late 2023"]
[White "Vovk, Orest"]
[Black "Goryachkina, Aleksandra"]
[WhiteFideId "14113490"]
[BlackFideId "4147103"]
[WhiteElo "2502"]
[BlackElo "2661"]
[Result "1/2-1/2"]
[Round "5"]
[TimeControl "180+2"]
[Date "2023.06.27"]
[WhiteClock "0:00:13"]
[BlackClock "0:00:10"]
[Board "72"]

1. g4 d5 2. h3 c6 3. Bg2 g6 4. d4 Bg7 5. Nf3 Nf6 6. Bf4 Nbd7 7. Nc3 Nb6 8. b3 Ne4 9. Nxe4 dxe4 10. Ne5 f6 11. Nc4 Nxc4 12. bxc4 Be6 13. Bxe4 Bxc4 14. O-O O-O 15. c3 Qd7 16. Qd2 Rad8 17. Rad1 Qe6 18. Bf3 Bxa2 19. Ra1 Bd5 20. Rxa7 Bxf3 21. exf3 Rd7 22. Re1 Qd5 23. Qa2 Qxa2 24. Rxa2 e5 25. Be3 exd4 26. Bxd4 f5 27. Bxg7 Kxg7 28. Rae2 Rff7 29. g5 Rf8 30. Kg2 Kf7 31. h4 Rfd8 32. Re6 Ra8 33. h5 gxh5 34. Rf6+ Kg7 35. Rxf5 Rf8 36. Rxf8 Kxf8 37. Rh1 b5 38. Rxh5 c5 39. g6 hxg6 40. Rxc5 Rb7 41. Kg3 b4 42. cxb4 Rxb4 43. Rc7 Rb2 44. f4 Ra2 45. f3 Ra5 46. Kg4 Rb5 47. Ra7 Rc5 48. Rb7 Ra5 49. Rd7 Rb5 50. Rd4 Kf7 51. Re4 Kf6 52. Re5 Rb1 53. Ra5 Rg1+ 54. Kh3 Rh1+ 55. Kg2 Rc1 56. Kg3 Rg1+ 57. Kf2 Rb1 58. Rc5 Ra1 59. Kg2 Rb1 60. Kg3 Rg1+ 61. Kf2 Rb1 62. Kg2 Ra1 63. Rb5 Ra2+ 64. Kg3 Ra1 65. Rb8 Rg1+ 66. Kf2 Ra1 67. Rf8+ Kg7 68. Rc8 Kf6 69. Rc7 Rb1 70. Kg2 Ra1 71. Rc8 Rb1 72. Kh3 Rh1+ 73. Kg3 Rg1+ 74. Kf2 Ra1 75. Rf8+ Kg7 76. Rb8 Kf6 77. Kg2 Ra2+ 78. Kg3 Ra1 79. Rb6+ Kf7 80. f5 gxf5 81. Kf4 Ra5 82. Kg5 f4+ 83. Kg4 Rc5 84. Rb4 Kg6 85. Rxf4 Rg5+ 86. Kh3 Ra5 87. Kg3 Rb5 88. Rg4+ Kf6 89. Kh4 Ra5 90. Rf4+ Kg6 91. Kg3 Rb5 92. Rg4+ Kf6 93. Ra4 Rc5 94. Kg4 Rg5+ 95. Kf4 Rf5+ 96. Ke3 Re5+ 97. Kf2 Rb5 98. Ra8 Kf5 99. Kg3 Rb1 100. Rf8+ Kg5 101. f4+ Kg6 102. Rg8+ Kf7 103. Ra8 Rg1+ 104. Kf3 Rb1 105. Kg4 Rb5 106. Ra6 Rc5 107. Rb6 Ra5 108. Rb7+ Kf6 109. Rc7 Rb5 110. Rc8 Ra5 111. Rf8+ Kg7 112. Rb8 Kf6 113. Rb6+ Kf7 114. Rc6 Rb5 115. Kf3 Ra5 116. Ke4 Rb5 117. Kd4 Ra5 118. Kd3 Rb5 119. Ke2 Ra5 120. Rb6 Rc5 121. Ra6 Rb5 122. Kf3 Rc5 123. Kg4 Rb5 124. f5 Rb1 125. Kg5 Rg1+ 126. Kf4 Rf1+ 127. Ke4 Re1+ 128. Kd3 Rd1+ 129. Ke4 Re1+ 130. Kd3 Rd1+ 131. Ke4 Re1+ 1/2-1/2


[Site "https://www.chess.com"]

[Event "Titled Tuesday Blitz June 27 Late 2023"]
[White "Toniutti, Ezio"]
[Black "Karttunen, Mika"]
[WhiteFideId "113034"]
[BlackFideId "502081"]
[WhiteElo "2489"]
[BlackElo "2643"]
[Result "0-1"]
[Round "5"]
[TimeControl "180+2"]
[Date "2023.06.27"]
[WhiteClock "0:00:08"]
[BlackClock "0:00:16"]
[Board "73"]

1. d4 Nf6 2. c4 e6 3. g3 d5 4. Bg2 Bb4+ 5. Bd2 a5 6. Nf3 O-O 7. Qc2 Bxd2+ 8. Nbxd2 b6 9. cxd5 exd5 10. O-O Ba6 11. Rfe1 Re8 12. Ne5 c5 13. Ndf3 cxd4 14. Rad1 Qd6 15. Nd3 Re4 16. Nh4 Nbd7 17. Bxe4 dxe4 18. Nf4 Qe5 19. Nhg2 g5 20. Nh3 Nc5 21. Qd2 Ne6 22. f4 exf3 23. exf3 Qf5 24. Nf2 Qxf3 25. Nd3 Bb7 26. Ne5 Qd5 27. Qd3 Qxg2# 0-1


[Site "https://www.chess.com"]

[Event "Titled Tuesday Blitz June 27 Late 2023"]
[White "reevecanada"]
[Black "Osmak, Yuliia"]
[BlackFideId "14101602"]
[WhiteElo "2634"]
[BlackElo "2487"]
[Result "0-1"]
[Round "5"]
[TimeControl "180+2"]
[Date "2023.06.27"]
[WhiteClock "0:01:05"]
[BlackClock "0:00:03"]
[Board "74"]

1. e4 c6 2. c4 d5 3. cxd5 cxd5 4. exd5 Nf6 5. Nc3 Nxd5 6. Nf3 Nc6 7. Bb5 e6 8. d4 Be7 9. h4 O-O 10. Bd3 f5 11. O-O Nxc3 12. bxc3 Bxh4 13. Qb3 Be7 14. Bc4 Rf6 15. Re1 Na5 16. Qb5 Bd7 17. Bxe6+ Bxe6 18. Bg5 a6 19. Qe5 Nc6 20. Qe2 Bd5 21. Bxf6 Bxf6 22. Ne5 Nxe5 23. dxe5 Bg5 24. Rad1 Qa5 25. e6 Re8 26. Qe5 Rxe6 27. Qb8+ Kf7 28. Rxe6 Bxe6 29. Qxb7+ Be7 30. Qc6 Qxa2 31. Re1 Qc4 32. Qb6 a5 33. Qxa5 Qc5 34. Qa6 Qd5 35. g3 h5 36. Qe2 h4 37. Qh5+ g6 38. Qh7+ Kf8 39. Qxg6 hxg3 40. Rxe6 gxf2+ 41. Kxf2 Bc5+ 42. Kg3 Qd3+ 43. Kf4 Qf1+ 44. Kg5 Qg2+ 45. Kxf5 Qf3+ 46. Kg5 Be7+ 47. Kh6 Qh3+ 48. Qh5 Qxe6+ 49. Kh7 Qg8+ 50. Kh6 Qg7# 0-1


[Site "https://www.chess.com"]

[Event "Titled Tuesday Blitz June 27 Late 2023"]
[White "Zavortink, Matt"]
[Black "Vlassov, Nikolai"]
[WhiteFideId "2034263"]
[BlackFideId "4103360"]
[WhiteElo "2485"]
[BlackElo "2630"]
[Result "0-1"]
[Round "5"]
[TimeControl "180+2"]
[Date "2023.06.27"]
[WhiteClock "0:00:00"]
[BlackClock "0:00:05"]
[Board "75"]

1. Nf3 c5 2. g3 Nc6 3. Bg2 e5 4. c4 g5 5. O-O g4 6. Ne1 h5 7. Nc3 d6 8. d3 h4 9. Rb1 f5 10. a3 Qe7 11. f4 gxf3 12. Nxf3 hxg3 13. hxg3 Qg7 14. Qe1 Nf6 15. Bg5 Be7 16. Bxf6 Bxf6 17. Nd5 Bd8 18. e3 Rg8 19. b4 cxb4 20. axb4 Qxg3 21. Qxg3 Rxg3 22. Kf2 Rg7 23. Rh1 Be6 24. Rh8+ Kd7 25. Nf6+ Ke7 26. Nh5 Rf7 27. Ng5 f4 28. Nxf7 fxe3+ 29. Kxe3 Bxf7 30. Ng3 Bb6+ 31. c5 Rxh8 32. cxb6 axb6 33. b5 Nd4 34. Rc1 Rg8 35. Rc7+ Ke8 36. Kf2 Be6 37. Bxb7 Kd8 38. Rh7 Nxb5 39. Nh5 Rf8+ 40. Ke1 Nd4 41. Ng7 Bd7 42. Bd5 b5 43. Kd2 b4 44. Kc1 b3 45. Rh2 Rf1+ 46. Kb2 Kc7 47. Bxb3 Nxb3 48. Kxb3 Kc6 49. Rc2+ Kd5 50. Kc3 Rf3 51. Nh5 Bf5 0-1


[Site "https://www.chess.com"]

[Event "Titled Tuesday Blitz June 27 Late 2023"]
[White "Vaibhav Jayant Raut"]
[Black "Reprintsev, Alexander"]
[WhiteFideId "5089034"]
[BlackFideId "14100541"]
[WhiteElo "2625"]
[BlackElo "2481"]
[Result "1/2-1/2"]
[Round "5"]
[TimeControl "180+2"]
[Date "2023.06.27"]
[WhiteClock "0:00:08"]
[BlackClock "0:00:16"]
[Board "76"]

1. d4 d5 2. Nf3 Nc6 3. Bf4 Bg4 4. e3 e6 5. c4 Nf6 6. Nc3 Bb4 7. a3 Bxc3+ 8. bxc3 Bxf3 9. Qxf3 Na5 10. cxd5 exd5 11. Bd3 c6 12. O-O Nc4 13. Bxc4 dxc4 14. e4 Qd7 15. Bg5 Qg4 16. Qxg4 Nxg4 17. h3 Nf6 18. Bxf6 gxf6 19. Rfb1 O-O-O 20. a4 f5 21. e5 f6 22. f4 c5 23. dxc5 fxe5 24. Rb4 e4 25. Rab1 Rd7 26. Rxc4 Rhd8 27. c6 Rd1+ 28. Rxd1 Rxd1+ 29. Kf2 b6 30. Rd4 Rc1 31. Rd7 Rc2+ 32. Kf1 Rxc3 33. Rxa7 Rxc6 34. Rxh7 Rc4 35. Rf7 Rxa4 36. Rxf5 Kd7 37. h4 Ke6 38. Rb5 e3 39. g3 Ra2 40. Re5+ Kf6 41. Rxe3 Kf5 42. Rb3 Kg4 43. Kg1 Rd2 44. Kf1 Rc2 45. Ke1 Rh2 46. Rxb6 Kxg3 47. f5 Rxh4 48. Rb3+ Kg2 49. Ke2 Re4+ 50. Kd3 Rf4 51. Rb5 Kg3 52. Ke3 Kg4 53. Rb8 Rxf5 54. Rg8+ Rg5 55. Rh8 Rg6 56. Rh1 Re6+ 57. Kd4 Re2 58. Rg1+ Kf3 59. Rf1+ Rf2 60. Rh1 Rd2+ 61. Kc3 Rg2 62. Rh3+ Kf2 63. Rh8 Rg3+ 64. Kd2 Rf3 65. Rd8 Rf7 66. Rd6 Rf5 67. Rd4 Rf3 68. Rd8 Rf7 69. Rd6 Rf3 70. Rd7 Rf4 71. Kd3 Rf3+ 72. Ke4 Re3+ 73. Kf4 Rf3+ 74. Kg4 Re3 75. Rf7+ Ke2 76. Ra7 Rd3 77. Kf4 Rd4+ 78. Ke5 Rd2 79. Ke4 Rb2 80. Rh7 Rb4+ 81. Kd5 Kf3 82. Rh3+ Kg4 83. Rh1 Rf4 84. Ke5 Rf2 85. Rg1+ Kf3 86. Ra1 Re2+ 87. Kf5 Re3 88. Ra2 Rb3 89. Rh2 Rb5+ 90. Ke6 Kg3 91. Rc2 Rb3 92. Kd5 Rf3 93. Ke4 Rf2 94. Rc3+ Kg2 95. Rc8 Re2+ 96. Kd3 Re6 97. Rg8+ Kf3 98. Rf8+ Kg4 99. Rd8 Kf5 100. Rd5+ Re5 101. Rd4 Re6 102. Kd2 Kf6 103. Rf4+ Ke7 1/2-1/2


[Site "https://www.chess.com"]